Map: Hardwire LE

Players

Maru

  • Race: Terran Terran
  • League: Master

Bunny - Winner!

  • Race: Terran Terran

Event: TSL 8

VOD

Have the link to the VOD?

Description

Time

  • Played on: Dec. 3, 2021, 6:21 a.m.
  • Length: 8:56

All games in this series

Show
View Real Time Build Order
Export as new Build Order

Maru Terran 

Build Orders:  

Get SALT Encoding   

  12  0:00  SCV  
  13  0:12  SCV  
  14  0:17  Supply Depot  
  14  0:24  SCV  
  15  0:38  SCV  
  15  0:40  Barracks  
  15  0:42  Refinery  
  16  0:50  SCV  
  16  0:54  Refinery  
  17  1:03  SCV  
  18  1:15  SCV  
  19  1:27  Reaper, Orbital Command  
  20  1:33  Supply Depot  
  20  1:44  Factory  
  20  1:53  SCV  
  21  1:59  Reaper  
  22  2:05  SCV  
  23  2:17  SCV  
  24  2:23  Command Center  
  24  2:30  Starport  
  24  2:33  SCV  
  24  2:35  Barracks Reactor  
  25  2:38  Factory Tech Lab  
  25  2:45  SCV  
  25  2:48  Supply Depot  
  26  2:57  SCV  
  27  3:03  Siege Tank  
  30  3:10  SCV  
  31  3:14  Marine  
  31  3:15  Marine  
  31  3:19  Medivac  
  35  3:22  SCV  
  36  3:31  Refinery  
  36  3:32  Marine x2  
  38  3:34  SCV  
  38  3:36  Orbital Command  
  39  3:44  Cyclone  
  42  3:51  Supply Depot, SCV  
  42  3:53  Starport Tech Lab  
  42  3:54  Marine  
  44  4:02  Marine  
  45  4:03  SCV x2  
  47  4:12  Marine  
  47  4:13  Raven  
  50  4:19  SCV x2  
  50  4:20  Marine  
  53  4:30  Marine  
  48  4:31  SCV x2  
  48  4:35  Siege Tank  
  48  4:37  Marine  
  49  4:43  SCV x2  
  51  4:49  Command Center  
  51  4:55  SCV x2  
  51  4:56  Supply Depot, Raven  
  55  5:01  Refinery  
  55  5:07  SCV  
  55  5:08  SCV  
  55  5:11  Siege Tank, Marine x2  
  61  5:20  SCV x2  
  63  5:22  Supply Depot  
  62  5:31  Marine x2  
  62  5:32  SCV x2  
  62  5:34  Supply Depot  
  66  5:39  Raven  
  66  5:42  Barracks  
  68  5:43  Barracks  
  68  5:44  SCV  
  68  5:45  Siege Tank  
  68  5:48  SCV  
  73  5:56  SCV  
  73  6:00  SCV, Engineering Bay  
  73  6:01  Engineering Bay  
  74  6:04  Marine  
  74  6:05  Marine  
  74  6:08  SCV  
  76  6:11  Orbital Command  
  76  6:12  SCV  
  77  6:20  SCV, Siege Tank  
  77  6:24  SCV  
  82  6:27  Terran Infantry Weapons Level 1, Terran Infantry Armor Level 1  
  82  6:32  SCV, Barracks Reactor x2  
  82  6:36  SCV  
  82  6:39  Viking  
  85  6:40  Viking  
  85  6:41  SCV  
  85  6:44  SCV  
  85  6:46  Refinery  
  86  6:48  Refinery  
  86  6:49  SCV  
  86  6:50  Sensor Tower  
  86  6:51  Marine  
  86  6:53  SCV  
  88  6:56  SCV  
  88  7:01  SCV  
  69  7:08  SCV  
  69  7:09  Viking  
  69  7:10  Viking, Marine x5  
  69  7:13  SCV  
  80  7:18  Siege Tank  
  80  7:21  SCV  
  83  7:22  Orbital Command  
  83  7:27  SCV  
  84  7:33  SCV  
  84  7:35  Supply Depot, Marine x2  
  87  7:39  SCV, Sensor Tower, Viking, Marine x3  
  93  7:45  SCV  
  93  7:48  SCV  
  93  7:49  Supply Depot  
  95  7:52  SCV, Marine x2  
  95  7:53  Siege Tank  
  99  7:58  SCV  
  99  8:00  Marine  
  99  8:01  SCV, Marine  
  99  8:05  Viking  
  104  8:07  SCV  
  104  8:09  Viking  
  104  8:10  SCV, Marine  
  107  8:14  SCV  
  107  8:18  Marine  
  107  8:19  SCV, Barracks  
  109  8:20  Marine, Barracks  
  109  8:22  Barracks Reactor  
  106  8:28  Marine  
  106  8:32  SCV  
  106  8:33  SCV x2  
  95  8:36  Marine  
  95  8:38  Marine  
Show
View Real Time Build Order
Export as new Build Order

Bunny Terran - Winner!

Build Orders: Reaper Expand 

Get SALT Encoding   

  12  0:00  SCV  
  13  0:12  SCV  
  14  0:17  Supply Depot  
  14  0:24  SCV  
  15  0:39  SCV  
  15  0:40  Barracks  
  16  0:44  Refinery  
  16  0:51  SCV  
  17  1:03  SCV  
  18  1:15  SCV  
  19  1:27  Orbital Command  
  19  1:28  Reaper  
  20  1:39  Command Center  
  20  1:51  Supply Depot  
  20  1:52  SCV  
  21  2:00  Marine  
  22  2:05  Factory, SCV  
  23  2:14  Refinery  
  23  2:17  SCV  
  23  2:18  Bunker  
  23  2:21  Barracks Reactor  
  24  2:29  SCV  
  25  2:41  SCV  
  26  2:49  Hellion  
  26  2:51  Starport  
  28  2:52  Orbital Command  
  28  2:53  SCV  
  28  2:57  Marine x2  
  31  3:05  SCV  
  32  3:11  Factory Tech Lab  
  32  3:15  Marine x2  
  32  3:17  SCV x2  
  36  3:21  Refinery  
  36  3:27  Starport Tech Lab  
  36  3:29  SCV x2, Cyclone  
  41  3:34  Supply Depot  
  41  3:35  Marine  
  41  3:37  Marine  
  43  3:43  SCV  
  43  3:46  Viking  
  46  3:55  Marine x2  
  46  3:56  SCV x2  
  46  3:58  Supply Depot  
  53  4:02  Siege Tank  
  53  4:08  SCV x2  
  54  4:19  Raven, Marine x2  
  54  4:20  Supply Depot  
  59  4:24  SCV x2  
  54  4:36  SCV x2, Siege Tank  
  54  4:37  Marine x2  
  60  4:48  SCV x2  
  60  4:50  Command Center  
  62  4:55  Supply Depot, Refinery  
  62  5:00  SCV x2  
  62  5:02  Raven  
  62  5:04  Marine x2  
  68  5:12  Siege Tank  
  70  5:17  Supply Depot, SCV x2  
  70  5:19  Supply Depot  
  74  5:29  SCV x2  
  74  5:35  Engineering Bay  
  74  5:37  Barracks x2  
  74  5:38  Engineering Bay  
  74  5:41  SCV x2  
  76  5:44  Raven  
  76  5:49  Supply Depot  
  78  5:50  Marine x2  
  78  5:52  Siege Tank  
  78  5:54  SCV  
  78  5:55  SCV  
  85  6:03  Orbital Command  
  85  6:07  Supply Depot, Terran Infantry Weapons Level 1, Terran Infantry Armor Level 1  
  85  6:10  SCV x2, Marine  
  88  6:11  Marine  
  89  6:24  Siege Tank  
  92  6:26  Orbital Command  
  92  6:27  Barracks Tech Lab  
  92  6:28  Barracks Reactor  
  92  6:32  SCV x2  
  94  6:40  Viking x2  
  94  6:41  Marine  
  94  6:44  Stimpack  
  94  6:45  SCV x2  
  101  6:47  Marine  
  99  6:59  Marine  
  92  7:01  Siege Tank  
  92  7:07  SCV x3  
  94  7:09  Marine x3  
  94  7:10  Viking  
  94  7:13  Refinery, Combat Shield  
  94  7:14  Refinery, Barracks  
  94  7:15  Barracks  
  97  7:17  Marine  
  97  7:18  Viking  
  97  7:20  SCV x3  
  103  7:26  Marine  
  103  7:27  Supply Depot, Marine x2  
  106  7:35  Marine  
  106  7:36  SCV, Siege Tank  
  112  7:37  SCV  
  112  7:38  Supply Depot  
  112  7:39  SCV  
  113  7:44  Marine  
  113  7:45  Marine x2  
  113  7:46  Sensor Tower  
  113  7:50  Command Center  
  116  8:00  Viking x2  
  116  8:02  Barracks Reactor  
  116  8:03  Barracks Reactor, SCV x2  
  116  8:04  SCV  
  123  8:06  Marine x3  
  123  8:12  Siege Tank  
  124  8:30  Marine  
  124  8:31  Marine x3  
Tags
 
Event
TSL 8
League
Master
Matchup
TvT
Player
BunnyMaru
Race
Terran
Add a new tag
Caveats
  • Supply blocks, unpowered buildings, or Contaminate may cause inaccurate times.
  • Supply counts are checked every 10 seconds.